 Dungeon Crawl Stone Soup version 0.26.1-2-gb8aa6d0cf2 (webtiles) character file.

Game seed: 14944571133719402105

6792 Gadfly the Protected (level 10, -24/98 HPs)
             Began as a Troll Berserker on Mar 2, 2021.
             Was a High Priest of Trog.
             Annihilated by a very large slime creature (63 damage)
             ... on level 9 of the Dungeon on Mar 3, 2021.
             The game lasted 00:26:45 (9522 turns).

Gadfly the Protected (Troll Berserker)              Turns: 9522, Time: 00:26:45

Health: -24/98     AC:  9    Str: 28    XL:     10   Next: 76%
Magic:  9/9        EV: 15    Int:  3    God:    Trog [*****.]
Gold:   694        SH:  0    Dex: 17    Spells: 9/9 levels left

rFire    . . .     SeeInvis .   b - +2 dagger (venom)
rCold    . . .     Faith    .   (no shield)
rNeg     . . .     Spirit   .   n - +0 animal skin
rPois    .         Reflect  .   (helmet restricted)
rElec    .         Harm     .   d - +1 cloak
rCorr    .         Rampage  .   (gloves unavailable)
Will     .....                  (boots unavailable)
Stlth    ++........             (no amulet)
HPRegen  0.66/turn              o - +4 ring of evasion
MPRegen  0.11/turn              z - +6 ring of dexterity

@: about to teleport
A: large, unfitting armour, claws 3, regeneration 1, shaggy fur 1, tough skin 3
a: Renounce Religion, Berserk, Trog's Hand, Brothers in Arms


You were on level 9 of the Dungeon.
You worshipped Trog.
Trog was extremely pleased with you.
You visited 2 branches of the dungeon, and saw 10 of its levels.
You also visited: Ossuary.

You collected 694 gold pieces.

Inventory:

Hand Weapons
 a - a +0 flail of flaming
 b - a +2 dagger of venom (weapon)
 A - a +5 triple sword of flaming
 B - a +0 morningstar
Armour
 d - a +1 cloak (worn)
 n - a +0 animal skin (worn)
Jewellery
 e - an uncursed ring of see invisible
 o - a +4 ring of evasion (left claw)
 w - an uncursed ring of poison resistance
 z - a +6 ring of dexterity (right claw)
 C - an uncursed amulet of the acrobat {unknown}
Wands
 h - a wand of paralysis (11)
 m - a wand of flame (19) (quivered)
 t - a wand of acid (4)
Scrolls
 g - 6 scrolls of remove curse
 u - a scroll of teleportation
 x - 2 scrolls of fog
 y - 3 scrolls of magic mapping
Potions
 c - a potion of cancellation
 f - 2 potions of haste
 i - a potion of ambrosia
 j - a potion of lignification
 k - a potion of might
 l - a potion of flight
 p - a potion of heal wounds
 q - 6 potions of curing
 r - a potion of resistance
 s - 4 potions of attraction
 v - a potion of brilliance {unknown}


   Skills:
 + Level 6.1 Fighting
 * Level 6.8 Maces & Flails
 + Level 8.0 Armour
 - Level 2.4 Dodging
 + Level 7.2 Evocations


You had 9 spell levels left.
You didn't know any spells.
Your spell library was empty.

Dungeon Overview and Level Annotations

Branches:
Dungeon (9/15)             Temple (1/1) D:7            Lair (0/6) D:8
Ossuary (visited)
    Orc: D:9-12

Altars:
Ashenzari
Cheibriados
Dithmenos
Elyvilon
Fedhas
Gozag
Hepliaklqana
Kikubaaqudgha
Makhleb
Nemelex Xobeh
Okawaru
Qazlal
Ru
Sif Muna
Trog
Uskayaw
Vehumet
Wu Jian
Xom
Yredelemnul
Zin
The Shining One
Beogh


Innate Abilities, Weirdness & Mutations

You are too large for most types of armour.
You have claws for hands.
Your natural rate of healing is unusually fast.
You are covered in fur. (AC +1)
You have extremely tough skin. (AC +3)


Message History

The very large slime creature is poisoned.
The very large slime creature is lightly wounded.
The very large slime creature barely misses you.
You float gracefully downwards.
You hit the very large slime creature.
The very large slime creature is lightly wounded.
The very large slime creature hits you!!!
Ouch! That really hurt!
* * * LOW HITPOINT WARNING * * *
The very large slime creature looks more healthy.
You see here a water moccasin corpse.
There is an open door, spattered with blood here.
An orc warrior comes into view. It is wielding a +0 long sword.
The orc warrior shouts!
As you read the scroll of teleportation, it crumbles to dust.
You feel strangely unstable.
You hit the orc warrior but do no damage.
The very large slime creature hits you!!!
Ouch! That really hurt!
You die...

#..........# #...#.[....'
#..........# ###.'.†....# #
#...._.....# ###......# #
############ #####'## # #..#
########.# ###....†.... ######
#########......)....
.....#########.J@o.....#.........
....†'.........#########.........
.....########### #.........
.....# #......... .....#
#......... .....# #.........
###### #.........


You could see a very large slime creature and an orc warrior.

Vanquished Creatures
  The ghost of jlumianski the Chopper, a novice PaFi of Okawaru (D:7)
  A centaur skeleton (D:8)
  The ghost of ubername the Cudgeller, an amateur PaFi (D:5)
  10 yaks
  A vampire mosquito (D:9)
  3 wargs (D:8)
  2 water moccasins
  2 sky beasts
  A necrophage (D:8)
  2 ogres
  6 orc warriors
  The ghost of MgDark the Ruffian, an amateur DrTm of Okawaru (D:3)
  A centaur (D:5)
  2 big kobolds
  2 bullfrogs (D:7)
  A wyvern zombie (D:4)
  A water moccasin zombie (D:9)
  3 scorpions
  4 howler monkeys
  6 bullfrog skeletons
  2 human zombies (Ossuary)
  2 jellies
  2 hounds
  7 orc priests
  13 orc wizards
  7 worker ants
  3 iguanas
  A big kobold zombie (Ossuary)
  A bullfrog simulacrum (D:7)
  2 hound zombies
  A hound skeleton (D:4)
  4 mummies (Ossuary)
  2 worker ant zombies
  3 gnolls (D:7)
  13 adders
  A shadow imp (D:5)
  3 white imps
  A worker ant simulacrum (D:7)
  An ooze (D:4)
  4 adder zombies
  6 adder skeletons
  3 worms
  3 dart slugs
  7 leopard geckos
  66 orcs
  3 ball pythons
  7 giant cockroaches
  11 hobgoblins
  14 jackals
  4 quokkas
  8 bats
  7 frilled lizards
  8 goblins
  A goblin zombie (Ossuary)
  A hobgoblin zombie (Ossuary)
  A jackal skeleton (D:4)
  A jackal zombie (Ossuary)
  22 kobolds
  A kobold zombie (Ossuary)
  A leopard gecko simulacrum (D:7)
  A quokka zombie (D:7)
  7 rats
  A rat zombie (Ossuary)
308 creatures vanquished.

Notes
Turn   | Place    | Note
-------+----------+-------------------------------------------
     0 | D:1      | Gadfly the Troll Berserker began the quest for the Orb.
     0 | D:1      | Reached XP level 1. HP: 22/22 MP: 0/0
   159 | D:1      | Reached XP level 2. HP: 29/29 MP: 1/1
   307 | D:1      | Reached skill level 1 in Armour
   521 | D:1      | Reached XP level 3. HP: 36/36 MP: 2/2
   527 | D:1      | Reached skill level 1 in Evocations
  1203 | D:2      | Reached ** piety under Trog
  1348 | D:2      | Reached XP level 4. HP: 42/44 MP: 3/3
  1464 | D:3      | Reached skill level 2 in Armour
  1514 | D:3      | Reached XP level 5. HP: 50/52 MP: 4/4
  1617 | D:3      | Noticed MgDark's ghost (amateur DrTm)
  1639 | D:3      | Found a runed translucent gate.
  1639 | D:3      | Found a runed translucent gate.
  1641 | D:3      | Found a runed translucent gate.
  1724 | D:3      | Killed MgDark's ghost
  1725 | D:3      | Reached XP level 6. HP: 61/61 MP: 5/5
  1821 | D:3      | Reached *** piety under Trog
  1950 | D:3      | Reached skill level 3 in Armour
  2086 | D:4      | Noticed a sky beast
  2379 | D:4      | Killed a sky beast
  2380 | D:4      | Reached XP level 7. HP: 42/67 MP: 6/6
  3071 | D:4      | Found a glowing golden altar of the Shining One.
  3078 | D:4      | Found a sparkling altar of Nemelex Xobeh.
  3086 | D:4      | Found a basalt altar of Yredelemnul.
  3197 | D:5      | Entered Level 5 of the Dungeon
  3222 | D:5      | Reached skill level 4 in Armour
  3625 | D:5      | Reached XP level 8. HP: 60/78 MP: 7/7
  3704 | D:5      | Found a runed translucent door.
  3706 | D:5      | Noticed ubername's ghost (amateur PaFi)
  3826 | D:5      | Reached **** piety under Trog
  3975 | D:5      | Found a stormy altar of Qazlal.
  4467 | D:5      | Killed ubername's ghost
  4468 | D:5      | Reached skill level 5 in Armour
  5342 | D:7      | Reached skill level 5 in Maces & Flails
  5348 | D:7      | Found a staircase to the Ecumenical Temple.
  5379 | D:7      | Reached skill level 5 in Evocations
  5379 | D:7      | Reached XP level 9. HP: 42/85 MP: 8/8
  5429 | Temple   | Entered the Ecumenical Temple
  5700 | D:7      | Found a runed translucent gate.
  5700 | D:7      | Found a runed translucent gate.
  5700 | D:7      | Found a runed translucent gate.
  5700 | D:7      | Noticed jlumianski's ghost (novice PaFi)
  5869 | D:7      | Reached ***** piety under Trog
  6400 | D:7      | Killed jlumianski's ghost
  6401 | D:7      | Reached skill level 5 in Fighting
  6401 | D:7      | Reached skill level 6 in Armour
  6835 | D:8      | Found an opulent altar of Gozag.
  6936 | D:8      | Found a sand-covered staircase.
  6941 | Ossuary  | Entered an ossuary
  6956 | Ossuary  | Reached skill level 7 in Armour
  6965 | Ossuary  | Reached XP level 10. HP: 71/96 MP: 9/9
  7261 | D:8      | Found a staircase to the Lair.
  7695 | D:8      | Found a broken altar of Ashenzari.
  8330 | D:9      | Found a hazy altar of Hepliaklqana.
  8949 | D:9      | Received a gift from Trog
  8993 | D:9      | Reached skill level 8 in Armour
  9124 | D:9      | Found a roughly hewn altar of Beogh.
  9429 | D:9      | Identified the ring "Licaky" {rF+ AC+4 Int+6}
  9522 | D:9      | Annihilated by a very large slime creature

Illustrated notes

Levels and vault maps discovered:
D:1:      dpeg_arrival_circle_labyrinth_b, layout_basic
D:2:      layout_rooms
D:3:      layout_rooms, gammafunk_ghost_split
D:4:      layout_basic, minmay_overflow_temple_star_quad
D:5:      layout_basic, lemuel_coloured_pillars_altar, gammafunk_ghost_grave
D:6:      layout_basic
D:7:      layout_basic, minmay_temple_entry_large_hall,
          gammafunk_ghost_necromancy
D:8:      layout_basic, grunt_gozag_statues, erik_lair_orcish_takeover,
          basic_altar, enter_ossuary_5, chequers_serial_rivers_large_b
D:9:      layout_roguey [special_room_orc], kennysheep_mini_moat,
          evilmike_minifort
Temple:   eino_temple_rhombus

Skill      XL: |  1  2  3  4  5  6  7  8  9 10 |
---------------+-------------------------------+-----
Armour         | 1 2 3 4 5 7 8 |  8.0
Evocations     | 1 2 3 5 6 7 |  7.2
Maces & Flails | 3 4 5 6 |  6.8
Fighting       | 3 4 5 6 |  6.1
Dodging        | |  2.4

Action                   |  1- 3 |  4- 6 |  7- 9 | 10-12 || total
-------------------------+-------+-------+-------+-------++-------
Melee: Mace              |   149 |    82 |       |       ||   231
       Dagger            |       |   106 |   208 |   278 ||   592
       Flail             |       |     3 |   361 |   129 ||   493
Invok: Berserk           |     1 |     2 |     7 |     2 ||    12
Evoke: Wand              |       |       |     1 |     4 ||     5
  Use: Scroll            |     5 |     3 |     9 |     3 ||    20
       Potion            |       |     3 |     2 |     3 ||     8
 Stab: Paralysed         |       |       |    13 |       ||    13
       Sleeping          |       |       |     2 |       ||     2
Armor: Animal skin       |    74 |    89 |   264 |   137 ||   564
Dodge: Dodged            |    89 |   122 |   430 |   352 ||   993
